AoeStats
← DS_Kvothe

Arena

509368790Analyzed
1v1 RM · 6d ago on Sep 26, 2026· 33m 35s· 2 players
Game mode
Random Map
Map size
Tiny (2 player)
Population
200
Speed
Normal
Resources
Standard
Victory
Conquest
Starting age
Dark Age
Ending age
Imperial Age
RankedLock teamsTeams togetherTeam positionsShared explorationLock speedFull tech treeHidden civsTurbo modeCheats
Victory
Defeat
🇨🇿 Burmese · Czechia
1828
+20
🇦🇷 Teutons · Argentina
1916
-20
DS_Kvothe
10:51 Feudal Age
14:22 Castle Age
12:14 Double-Bit Axe
15:31 Bow Saw
19:50 Loom
22:46 Scale Mail Armor
22:56 Forging
22:55 Pikeman
23:53 Chain Mail Armor
25:01 Wheelbarrow
24:07 Horse Collar
25:02 Squires
25:32 Gold Mining
25:43 Heavy Plow
30:41 Imperial Age
31:56 Iron Casting
31:12 Fletching
32:31 Chemistry
31:27 Halberdier
33:21 Block Printing
33:29 Bodkin Arrow
34:22 Sanctity
XalYWero
11:11 Feudal Age
12:25 Horse Collar
14:48 Castle Age
14:52 Light Cavalry
16:24 Heavy Plow
20:46 Fervor
23:17 Wheelbarrow
25:08 Hand Cart
25:06 Stone Mining
29:17 Imperial Age
27:15 Loom
27:15 Town Watch
27:46 Bloodlines
27:36 Husbandry
27:33 Gold Mining
27:59 Padded Archer Armor
28:23 Ballistics
29:22 Scale Barding Armor
30:06 Gold Shaft Mining
31:07 Chemistry
30:47 Siege Engineers
31:39 Parthian Tactics
31:25 Elite Arambai
Connection lost

Rejoining the realm…

Still unreachable

The connection could not be restored.

Session expired

The server has moved on; the page needs a fresh start.